 Dungeon Crawl Stone Soup version 0.31-a0-965-g8a8ce12e04 (webtiles) character file.

Game seed: 16269604949659768040

2 Azuregosa the Sneak (level 1, -3/16 HPs)
             Began as an Octopode Delver on Oct 26, 2023.
             Slain by a howler monkey (4 damage)
             ... on level 4 of the Dungeon.
             The game lasted 00:03:12 (311 turns).

Azuregosa the Sneak (Octopode Delver)                Turns: 311, Time: 00:03:13

Health: -3/16      AC:  1    Str: 11    XL:     1   Next: 30%
Magic:  1/1        EV: 12    Int: 12    God:
Gold:   44         SH:  4    Dex: 13    Spells: 0/0 levels left

rFire   . . .        a - +0 spear
rCold   . . .        c - +0 buckler
rNeg    . . .        (helmet restricted)
rPois   .            (no amulet)
rElec   .            (no ring)
rCorr   .            (no ring)
SInv    .            (no ring)
Will    .....        (no ring)
Stlth   +++          (no ring)
HPRegen 0.22/turn    (no ring)
MPRegen 0.07/turn    (no ring)
                     (no ring)

%: no passive effects
@: silenced
A: almost no armour, amphibious, 8 rings, camouflage 1, gelatinous body 1,
(nimble swimmer 1), tentacles
a: no special abilities


You were on level 4 of the Dungeon.
You visited 1 branch of the dungeon, and saw 2 of its levels.

You collected 44 gold pieces.

Inventory:

Hand Weapons
 a - a +0 spear (weapon)
Armour
 c - a +0 buckler (worn)
Talismans
 i - a beast talisman
Wands
 f - a wand of digging (3)
Scrolls
 b - a scroll of fog
 d - a scroll of noise {unknown}
 g - a scroll of identify {unknown}
Potions
 e - a potion of haste
 j - a potion of cancellation {unknown}


   Skills:
 - Level 3.0 Fighting
 - Level 2.0 Polearms
 - Level 2.0 Dodging
 + Level 6.7 Stealth


You couldn't memorise any spells.
You didn't know any spells.
Your spell library contained the following spells:

 Spells                   Type           Power      Damage    Failure   Level
 Dazzling Flash           Conj/Hex       0%         N/A       82%         3
 Volatile Blastmotes      Fire/Tloc      0%         2d10      82%         3
 Starburst                Conj/Fire      0%         6d3       100%        6
 Maxwell's Capacitive Co  Air            0%         ∞         100%        8


Dungeon Overview and Level Annotations

Branches:
Dungeon (5/15)             Temple (0/1) D:5

Altars:

Shops:
D:4 *

Annotations:
D:4 Ijyb, Menkaure


Innate Abilities, Weirdness & Mutations

You cannot wear most types of armour.
You are amphibious.
You can wear up to eight rings at the same time.
Your skin changes colour to match your surroundings (Stealth+).
Your rubbery body absorbs attacks. (AC +1, EV +1)
((You are camouflaged when in or above water. (Stealth+)))
You have tentacles for arms and can constrict up to eight enemies at once.


Message History

You see here a beast talisman.
i - a beast talisman You now have 44 gold pieces (gained 14).
A scorpion comes into view.
There is an entrance to Utaoczum's Assorted Antiques here.
You can access your shopping list by pressing '$'.
A howler monkey comes into view.
The howler monkey howls!
An adder comes into view.
The howler monkey hoots and howls with incredible vigour!
You hear a shout! x3
The sky beast flickers out of sight!
Deactivating autopickup; reactivate with Ctrl-A.
The howler monkey hoots and howls with incredible vigour!
You hear a bark!
You hear a shout!
A scorpion comes into view.
Found a potion of haste.
You barely miss the howler monkey. Your grab misses the howler monkey.
The howler monkey hoots and howls with incredible vigour!
You hear a bark!
The scorpion barely misses you. The howler monkey hits you.
Found a fizzy dark potion.
The scorpion attacks as it pursues you! The scorpion stings you.
The howler monkey attacks as it pursues you!
The howler monkey hits you. The scorpion attacks as it pursues you!
You block the scorpion's attack.
The scorpion stings you but does no damage.
You see here a fizzy dark potion.
j - a fizzy dark potion The scorpion closely misses you.
The howler monkey closely misses you.
As you read the scroll labelled KEZAOL JAJ, it crumbles to dust.
A profound silence engulfs you.
It was a scroll of silence.
The scorpion stings you. The howler monkey hits you.
Magic scrolls do not work when you're silenced!
Magic scrolls do not work when you're silenced!
The scorpion stings you.
* * * LOW HITPOINT WARNING * * *
The howler monkey hits you.
You die...

### #.## ##..# #.@.#
##.hs# ## #...S# #####
#####. ##..####...#
#.##..
###...#.#...####.#...
#............#.......
#......#.#..###......
#........###...........
##.....!## #S..........


You could see a scorpion, a howler monkey and an adder.

Vanquished Creatures
  An orc (D:5)
1 creature vanquished.

Notes
Turn   | Place    | Note
-------+----------+-------------------------------------------
     0 | D:5      | Azuregosa the Octopode Delver began the quest for the Orb.
     0 | D:5      | Reached XP level 1. HP: 16/16 MP: 1/1
   146 | D:5      | Noticed an orc wizard
   161 | D:5      | Noticed a scorpion
   176 | D:5      | Noticed an orc priest
   185 | D:4      | Noticed a sky beast
   209 | D:4      | Noticed Menkaure
   222 | D:4      | Found Utaoczum's Assorted Antiques.
   232 | D:4      | Noticed Ijyb
   235 | D:4      | Noticed an ogre
   255 | D:4      | Noticed a scorpion
   293 | D:4      | Noticed a howler monkey
   301 | D:4      | Noticed a scorpion
   311 | D:4      | Slain by a howler monkey

Illustrated notes

Levels and vault maps discovered:
D:4:      layout_cave_pools, serial_shops, nicolae_shop_trees, uniq_ijyb,
          uniq_menkaure
D:5:      layout_basic, minmay_temple_entry_poolview, corexii_hall_statues_l,
          uniq_duvessa

Action                     || total
---------------------------++-------
  Melee: Spear             ||     7
         Constrict         ||     1
         Tentacles         ||     1
    Use: Scroll            ||     3
   Stab: Sleeping          ||     1
 Armour: Skin              ||    15
  Dodge: Dodged            ||    12
  Block: Buckler           ||     2

Table legend: (Time is in decaauts)
 A = Elapsed time spent in this place.
 B = Non-inter-level travel time spent in this place.
 C = Inter-level travel time spent in this place.
 D = Time resting spent in this place.
 E = Time spent auto-exploring this place.
 F = Levels seen in this place.
 G = Mean time per level.
                   A        B        C        D        E       F      G
               +--------+--------+--------+--------+--------+-----+--------+
         Total |    311 |    311 |      0 |     50 |      0 |   2 |  155.5 |
       Dungeon |    311 |    311 |      0 |     50 |      0 |   2 |  155.5 |
               +--------+--------+--------+--------+--------+-----+--------+

Top non-repeatable levels by time:
     D:5: 185 daAuts
     D:4: 125 daAuts
